 Dungeon Crawl Stone Soup version 0.31-a0-1074-g0b22e4e0f1 (webtiles) character file.

Game seed: 2445225709842922405

114 wildpjah the Changeling (level 4, 0/32 HPs)
             Began as a Merfolk Shapeshifter on Nov 26, 2023.
             Slain by an orc
             ... wielding a +0 club
              (2 damage)
             ... on level 4 of the Dungeon.
             The game lasted 00:06:33 (2613 turns).

wildpjah the Changeling (Merfolk Shapeshifter)      Turns: 2613, Time: 00:06:34

Health: 0/32       AC:  3    Str: 22    XL:     4   Next: 97%
Magic:  0/4        EV: 12    Int: 15    God:
Gold:   126        SH:  0    Dex: 13    Spells: 3/3 levels left

rFire   . . .        x - +0 spear
rCold   . . .        (no shield)
rNeg    . . .        t - +0 leather armour "Hioroet" {Str+8 Dex-2}
rPois   .            (helmet currently unavailable)
rElec   .            (cloak currently unavailable)
rCorr   .            (gloves currently unavailable)
SInv    .            (boots currently unavailable)
Will    .....        l - amulet of guardian spirit
Stlth   +            k - +6 ring of intelligence
HPRegen 0.25/turn    (no ring)
MPRegen 0.09/turn

%: guardian spirit
@: confused, beast-form
A: beast (slay +2), (nimble swimmer 2), mertail
a: Begin Untransformation


You were on level 4 of the Dungeon.
You were a hulking beast.
You visited 1 branch of the dungeon, and saw 4 of its levels.

You collected 126 gold pieces.

Inventory:

Hand Weapons
 n - a +0 rapier
 r - a +0 long sword
 u - a +4 whip
 x - a +0 spear (weapon)
Missiles
 e - 3 curare-tipped darts
 f - 13 poisoned darts
 v - a throwing net
Armour
 a - a +0 animal skin
 m - a +0 chain mail
 t - the +0 leather armour "Hioroet" (worn) {Str+8 Dex-2}
   (You found it on level 2 of the Dungeon)

   Str+8:     It affects your strength (+8).
   Dex-2:     It affects your dexterity (-2).
 B - the +0 chain mail of Magic {rF- rC+++ Str+2 Int+3}
   (You found it on level 4 of the Dungeon)

   Str+2:     It affects your strength (+2).
   Int+3:     It affects your intelligence (+3).
   rF-:       It makes you vulnerable to fire.
   rC+++:     It renders you almost immune to cold.
Jewellery
 k - a +6 ring of intelligence (left hand)
 l - an amulet of guardian spirit (around neck)
 w - an amulet of reflection
 z - a +6 ring of intelligence
Talismans
 c - a beast talisman
 d - a flux talisman
Scrolls
 g - 2 scrolls of identify {unknown}
 i - 2 scrolls of poison {unknown}
 j - 2 scrolls of blinking {unknown}
 q - a scroll of fear {unknown}
 y - a scroll of teleportation {unknown}
Potions
 b - a potion of lignification
 h - a potion of resistance {unknown}
 o - a potion of degeneration {unknown}
 p - a potion of brilliance {unknown}
 s - a potion of mutation {unknown}
 A - a potion of magic {unknown}


   Skills:
 + Level 1.4 Fighting
 + Level 1.7(1.8) Short Blades
 + Level 0.3(1.1) Long Blades
 + Level 0.2 Maces & Flails
 + Level 1.1 Polearms
 + Level 0.5 Armour
 + Level 3.0 Dodging
 + Level 0.2 Stealth
 + Level 4.4 Unarmed Combat
 + Level 4.6 Shapeshifting


You had 3 spell levels left.
You didn't know any spells.
Your spell library contained the following spells:

 Spells                   Type           Power      Damage    Failure   Level
 Necrotise                Necr           0%         1d4       30%         1
 Vampiric Draining        Necr           0%         2d6       67%         3
 Agony                    Necr           0%         N/A       100%        5


Dungeon Overview and Level Annotations

Branches:
Dungeon (4/15)
 Temple: D:4-7

Altars:


Innate Abilities, Weirdness & Mutations

You are a hulking beast.
Your limbs bulge with bestial killing power. (Slay +2)
((You are very nimble when in or above water. (Stealth+, EV+, Speed+++)))
Your lower body shifts to a powerful aquatic tail in water.


Message History

The orc moves out of view.
You're too confused to move!
The orc shouts!
You hear a shout! x2
The orc wizard hits you with a +0 dagger.
An orc comes into view. It is wielding a +0 hand axe.
You closely miss the orc wizard.
The orc shouts!
You hear a shout!
You hear a howl!
The orc wizard hits you with a +0 dagger.
An orc comes into view. It is wielding a +0 trident.
An orc wizard comes into view. It is wielding a +0 dagger.
The orc wizard points at you and mumbles some strange words.
You are more confused.
A goblin and a jelly come into view.
The goblin shouts!
The jelly quivers.
You hear a howl!
An endoplasm comes into view.
An orc wizard comes into view. It is wielding a +0 dagger.
You closely miss the orc wizard.
The endoplasm quivers.
The orc wizard gestures at you while chanting.
You are more confused.
The orc priest casts a cantrip, but nothing happens.
An endoplasm comes into view.
The orc wizard attacks as it pursues you!
The orc wizard hits you but does no damage.
The orc priest looks encouraged for a moment.
You barely miss the orc wizard.
The orc wizard hits you with a +0 dagger.
The orc priest invokes the aid of Beogh against you.
Beogh smites you!
The giant cockroach waves its antennae.
You hear the slow rusting of a very distant drain.
The orc wizard hits you with a +0 dagger.
The orc hits you with a +0 club.
The orc priest calls down the wrath of Beogh upon you.
Beogh smites you!
* * * LOW HITPOINT WARNING * * *
The orc hits you with a +0 club.
You die...

#....>.#
#......####....
#.............#
#......#####..
#.<.....####..
#######...##.#
. ###.##.# ..
#..#.## ...
##..ho### ....
###.o..###.....
##o..........
###Bo.......
#....go#.....
#.###Jo# ....
#. #.oo. ... #
##.#J. ##
...J..


You could see a jelly, an orc priest, 3 orc wizards, 4 orcs, an endoplasm, a
giant cockroach and a goblin.

Vanquished Creatures
  A hound (D:4)
  2 adders
  2 worms (D:2)
  A dart slug (D:3)
  5 orcs (D:3)
  4 ball pythons
  6 endoplasms
  A giant cockroach (D:1)
  6 goblins
  A hobgoblin (D:3)
  6 jackals
  4 kobolds
  A quokka (D:2)
  4 bats
  A frilled lizard (D:1)
  10 rats
55 creatures vanquished.

Notes
Turn   | Place    | Note
-------+----------+-------------------------------------------
     0 | D:1      | wildpjah the Merfolk Shapeshifter began the quest for the
                  | Orb.
     0 | D:1      | Reached XP level 1. HP: 15/15 MP: 1/1
   153 | D:1      | Reached XP level 2. HP: 21/21 MP: 2/2
   955 | D:2      | Reached XP level 3. HP: 23/26 MP: 3/3
  1264 | D:2      | Found a faded altar of an unknown god.
  1360 | D:2      | Identified the +0 leather armour "Hioroet" {Str+8 Dex-2}
  1795 | D:3      | Reached skill level 1 in Short Blades
  1795 | D:3      | Reached XP level 4. HP: 28/32 MP: 2/4
  2577 | D:4      | Reached skill level 1 in Polearms
  2577 | D:4      | Identified the +0 chain mail of Magic {rF- rC+++ Str+2
                  | Int+3}
  2613 | D:4      | Slain by an orc

Illustrated notes

Levels and vault maps discovered:
D:1:      dpeg_arrival_shelter, layout_basic
D:2:      layout_rooms, shapermc_ecumenical_altar_pompeii
D:3:      layout_basic
D:4:      layout_rooms, grunt_gozag_statues, gup_sewer_entry_pipe, serial_shops,
          nicolae_shop_tiny_glass, uniq_sigmund

Skill      XL: |  1  2  3  4 |
---------------+-------------+-----
Unarmed Combat | 4 |  4.4
Short Blades   | 1 |  1.7
Polearms       | 1 |  1.1
Dodging        | 3 |  3.0
Fighting       | |  1.4
Long Blades    | |  0.3
Maces & Flails | |  0.2
Armour         | |  0.5
Stealth        | |  0.2
Shapeshifting  | |  4.6

Action                     |  1- 3 |  4- 6 || total
---------------------------+-------+-------++-------
  Melee: Unarmed           |    36 |       ||    36
         Rapier            |    26 |       ||    26
         Long sword        |    22 |       ||    22
         Whip              |    13 |     4 ||    17
         Punch             |     3 |     1 ||     4
         Spear             |       |    47 ||    47
   Stab: Sleeping          |     1 |       ||     1
         Distracted        |       |     1 ||     1
 Armour: Animal skin       |    10 |       ||    10
         Chain mail        |    36 |       ||    36
         Leather armour    |     7 |    28 ||    35
  Dodge: Dodged            |    49 |    35 ||    84

Table legend: (Time is in decaauts)
 A = Elapsed time spent in this place.
 B = Non-inter-level travel time spent in this place.
 C = Inter-level travel time spent in this place.
 D = Time resting spent in this place.
 E = Time spent auto-exploring this place.
 F = Levels seen in this place.
 G = Mean time per level.
                   A        B        C        D        E       F      G
               +--------+--------+--------+--------+--------+-----+--------+
         Total |   2628 |   2411 |    217 |      0 |   1998 |   4 |  657.0 |
       Dungeon |   2628 |   2411 |    217 |      0 |   1998 |   4 |  657.0 |
               +--------+--------+--------+--------+--------+-----+--------+

Top non-repeatable levels by time:
     D:1: 895 daAuts
     D:3: 875 daAuts
     D:2: 805 daAuts
     D:4: 50 daAuts
